 Seeded DCSS version 0.28-a0-1087-gf3fc490d9d (webtiles) character file.

Game seed: 201572053250452039 (custom seed)

1319 croobank the Chopper (level 8, 0/67 HPs)
             Began as a Gnoll Cinder Acolyte on Dec 10, 2021.
             Was a Priest of Ignis.
             Slain by an orc warrior (1 damage)
             ... on level 8 of the Dungeon.
             The game lasted 00:42:23 (7017 turns).

croobank the Chopper (Gnoll Cinder Acolyte)         Turns: 7017, Time: 00:42:24

Health: 0/67       AC: 15    Str: 18    XL:     8   Next: 59%
Magic:  10/14      EV: 12    Int: 13    God:    Ignis [***...]
Gold:   297        SH:  0    Dex: 10    Spells: 5/16 levels left

rFire   + . .      SeeInvis .   k - +0 lajatang
rCold   . . .      Faith    .   (shield currently unavailable)
rNeg    . . .      Spirit   .   p - +0 ring mail
rPois   .          Reflect  .   q - +2 hat
rElec   .          Harm     .   j - +0 cloak
rCorr   .          Rampage  .   (no gloves)
Will    .....                   (no boots)
Stlth   ++........              (no amulet)
HPRegen 0.21/turn               x - ring of flight
MPRegen 0.14/turn               (no ring)

@: fiery-armoured, flying
A: fangs 1, strong nose, distributed training, strong 2, sturdy frame 1
a: Renounce Religion, Fiery Armour, Foxfire Swarm, Rising Flame


You were on level 8 of the Dungeon.
You worshipped Ignis.
Ignis was most pleased with you.
You visited 1 branch of the dungeon, and saw 8 of its levels.

You collected 297 gold pieces.

Inventory:

Hand Weapons
 a - a -1 hand axe of flaming
 b - a +2 mace of holy wrath
 k - a +0 lajatang (weapon)
 m - a +0 morningstar
 o - a +4 dagger
Missiles
 e - 170 stones
 g - 4 boomerangs
 i - 74 bolts
 l - 39 sling bullets
 s - 39 poisoned darts (quivered)
Armour
 d - a +0 chain mail
 j - a +0 cloak (worn)
 n - a +0 leather armour
 p - a +0 ring mail (worn)
 q - a +2 hat (worn)
 v - a +0 scale mail
Jewellery
 x - a ring of flight (left hand)
Wands
 r - a wand of mindburst (13)
 w - a wand of flame (38)
Scrolls
 f - a scroll of teleportation
 h - a scroll of noise
 u - 2 scrolls of amnesia
Potions
 c - 2 potions of cancellation


   Skills:
 + Level 7.4 Fighting
 + Level 3.4 Short Blades
 + Level 3.4 Long Blades
 + Level 7.4 Axes
 + Level 3.4 Maces & Flails
 + Level 3.4 Polearms
 + Level 3.4 Staves
 + Level 3.4 Slings
 + Level 3.4 Bows
 + Level 3.4 Crossbows
 + Level 3.4 Throwing
 + Level 3.4 Armour
 + Level 3.4 Dodging
 + Level 3.4 Stealth
 + Level 3.4 Shields
 + Level 3.4 Unarmed Combat
 + Level 4.5 Spellcasting
 + Level 2.8 Conjurations
 + Level 2.8 Hexes
 + Level 2.8 Summonings
 + Level 2.8 Necromancy
 + Level 2.8 Translocations
 + Level 2.8 Transmutations
 + Level 6.2 Fire Magic
 + Level 2.8 Ice Magic
 + Level 2.8 Air Magic
 + Level 2.8 Earth Magic
 + Level 2.8 Poison Magic
 + Level 3.7 Invocations
 + Level 3.4 Evocations


You had 5 spell levels left.
You knew the following spells:

 Your Spells              Type           Power      Damage    Failure   Level
a - Scorch                Fire           38%        2d6       3%          2
b - Mephitic Cloud        Conj/Pois/Air  10%        N/A       24%         3
c - Freezing Cloud        Conj/Ice/Air   5%         6-21      92%         5
d - Sandblast             Erth           20%        2d7       9%          1

Your spell library contained the following spells:

 Spells                   Type           Power      Damage    Failure   Level
 Passwall                 Tmut/Erth      8%         N/A       12%         2
 Ignite Poison            Fire/Tmut/Pois 13%        N/A       16%         3
 Stone Arrow              Conj/Erth      20%        3d8       24%         3
 Animate Dead             Necr           5%         N/A       63%         4
 Summon Lightning Spire   Summ/Air       10%        N/A       63%         4
 Haunt                    Necr/Summ      5%         N/A       100%        7
 Storm Form               Tmut/Air       5%         N/A       100%        7
 Infestation              Necr           5%         N/A       100%        8
 Maxwell's Capacitive Co  Air            5%         ∞         100%        8


Dungeon Overview and Level Annotations

Branches:
Dungeon (8/15)             Temple (0/1) D:5
   Lair: D:8-11

Altars:
Cheibriados
Fedhas
Hepliaklqana
Qazlal
Uskayaw
Xom
The Shining One

Shops:
D:2 =   D:4 (


Innate Abilities, Weirdness & Mutations

You have very sharp teeth.
Your uncanny sense of smell can sniff out nearby items.
Your experience applies equally to all skills.
Your muscles are very strong. (Str +4)
Your movements are slightly less encumbered by armour. (ER -2)


Message History

An orc warrior comes into view. It is wielding a +0 scimitar.
You slash the orc priest!
You kill the orc priest!
You barely miss the orc warrior. The orc warrior misses you.
You barely miss the orc warrior. The orc warrior misses you.
You barely miss the orc warrior. Your bite misses the orc warrior.
The orc warrior hits you with a +0 scimitar!
You slash the orc warrior!
The orc warrior is moderately wounded.
The orc warrior closely misses you.
The orc warrior hits you with a +0 scimitar!
You barely miss the orc warrior.
The orc warrior is moderately wounded.
The orc warrior hits you but does no damage.
Casting: Scorch (safe; 3% risk of failure)
Confirm with . or Enter, or press ? or * to list all spells.
Flames lash the orc warrior.
The orc warrior is heavily wounded.
The orc warrior's fire resistance burns away.
An orc comes into view. It is wielding a +0 dagger.
Casting: Scorch (safe; 3% risk of failure)
Confirm with . or Enter, or press ? or * to list all spells.
Flames lash the orc.
You kill the orc!
The orc warrior closely misses you.
An orc wizard comes into view.
It is wielding a +0 dagger of venom and wearing a +0 robe of resistance.
As you read the scroll labelled HIWO VUASHRUCWU, it crumbles to dust.
The scroll dissolves into smoke.
It was a scroll of fog.
The orc warrior hits you with a +0 scimitar!!
* * * LOW HITPOINT WARNING * * *
The orc wizard gestures wildly while chanting.
The orc wizard flickers and vanishes!
Deactivating autopickup; reactivate with Ctrl-A.
Okay, then.
Okay, then.
Okay, then.
A protective cloak of flame settles atop you.
The orc warrior is no longer more vulnerable to fire.
The orc warrior hits you with a +0 scimitar.
You die...

#######∆
#@o§..#
#{###.# .§§#
#.#.#
o.######.#.#
....#......#.#
.........###.#
####...#.# .#
#.# #.# .# #
#.###.#


You could see an orc warrior.

Vanquished Creatures
  Menkaure (D:4)
  2 sky beasts (D:5)
  A necrophage (D:4)
  2 ogres
  2 bullfrogs
  A scorpion (D:6)
  A wyvern skeleton (D:5)
  A bullfrog zombie (D:6)
  A bullfrog skeleton (D:6)
  2 orc priests
  A jelly (D:7)
  2 iguanas (D:4)
  A scorpion zombie (D:5)
  Natasha (thrice) (D:2)
  3 orc wizards
  6 adders
  2 shadow imps (D:5)
  A white imp (D:5)
  An adder zombie (D:5)
  A worm (D:2)
  3 dart slugs
  17 orcs
  4 endoplasms
  5 goblins
  6 hobgoblins
  7 jackals
  4 kobolds
  2 quokkas
  4 ball pythons
  2 bats (D:1)
  4 frilled lizards
  2 rats (D:2)
95 creatures vanquished.

Vanquished Creatures (others)
  51 foxfires
51 creatures vanquished.

Grand Total: 146 creatures vanquished

Notes
Turn   | Place    | Note
-------+----------+-------------------------------------------
     0 | D:1      | croobank the Gnoll Cinder Acolyte began the quest for the
                  | Orb.
     0 | D:1      | Reached XP level 1. HP: 23/23 MP: 4/4
   370 | D:1      | Reached XP level 2. HP: 29/29 MP: 5/5
   726 | D:2      | Found Ritekhall's Jewellery Emporium.
   734 | D:2      | Noticed Natasha
   743 | D:2      | Killed Natasha
   744 | D:2      | Reached skill level 1 in Invocations
   744 | D:2      | Reached XP level 3. HP: 19/35 MP: 7/7
  1367 | D:2      | Noticed Natasha
  1373 | D:2      | Killed Natasha
  1374 | D:2      | Reached skill level 1 in Short Blades
  1374 | D:2      | Reached skill level 1 in Long Blades
  1374 | D:2      | Reached skill level 1 in Maces & Flails
  1374 | D:2      | Reached skill level 1 in Polearms
  1374 | D:2      | Reached skill level 1 in Staves
  1374 | D:2      | Reached skill level 1 in Slings
  1374 | D:2      | Reached skill level 1 in Bows
  1374 | D:2      | Reached skill level 1 in Crossbows
  1374 | D:2      | Reached skill level 1 in Throwing
  1374 | D:2      | Reached skill level 1 in Armour
  1374 | D:2      | Reached skill level 1 in Dodging
  1374 | D:2      | Reached skill level 1 in Stealth
  1374 | D:2      | Reached skill level 1 in Shields
  1374 | D:2      | Reached skill level 1 in Unarmed Combat
  1374 | D:2      | Reached skill level 1 in Evocations
  1374 | D:2      | Reached XP level 4. HP: 23/41 MP: 8/8
  1576 | D:2      | Noticed Natasha
  1578 | D:2      | Gained mutation: Your muscles are strong. (Str +2) [potion
                  | of mutation]
  1578 | D:2      | Gained mutation: Your muscles are very strong. (Str +4)
                  | [potion of mutation]
  1578 | D:2      | Gained mutation: Your movements are slightly less
                  | encumbered by armour. (ER -2) [potion of mutation]
  1624 | D:2      | Found a stormy altar of Qazlal.
  1643 | D:2      | Learned a level 2 spell: Scorch
  1647 | D:2      | Learned a level 3 spell: Mephitic Cloud
  1773 | D:2      | Killed Natasha
  1774 | D:2      | Reached skill level 1 in Conjurations
  1774 | D:2      | Reached skill level 1 in Hexes
  1774 | D:2      | Reached skill level 1 in Summonings
  1774 | D:2      | Reached skill level 1 in Necromancy
  1774 | D:2      | Reached skill level 1 in Translocations
  1774 | D:2      | Reached skill level 1 in Transmutations
  1774 | D:2      | Reached skill level 1 in Ice Magic
  1774 | D:2      | Reached skill level 1 in Air Magic
  1774 | D:2      | Reached skill level 1 in Earth Magic
  1774 | D:2      | Reached skill level 1 in Poison Magic
  2255 | D:3      | Found a hazy altar of Hepliaklqana.
  2308 | D:3      | Reached XP level 5. HP: 35/47 MP: 9/9
  2998 | D:3      | Found a shimmering altar of Xom.
  2998 | D:3      | Found a glowing golden altar of the Shining One.
  3156 | D:4      | Learned a level 5 spell: Freezing Cloud
  3670 | D:4      | Noticed a necrophage
  3678 | D:4      | Killed a necrophage
  3679 | D:4      | Reached XP level 6. HP: 30/53 MP: 5/11
  4152 | D:4      | Found Ora Wepe's Weapon Shoppe.
  4160 | D:4      | Noticed Menkaure
  4406 | D:4      | Killed Menkaure
  4620 | D:5      | Entered Level 5 of the Dungeon
  4620 | D:5      | Noticed a sky beast
  4627 | D:5      | Reached XP level 7. HP: 60/60 MP: 12/12
  5056 | D:5      | Found a snail-covered altar of Cheibriados.
  5220 | D:5      | Found a blossoming altar of Fedhas.
  5782 | D:5      | Reached XP level 8. HP: 67/67 MP: 6/14
  5848 | D:5      | Noticed a +0 short sword
  5848 | D:5      | Noticed a +0 falchion
  5849 | D:5      | Noticed a +0 dagger
  5849 | D:5      | Noticed a +0 dagger
  5849 | D:5      | Noticed a +0 spear
  5851 | D:5      | Noticed a +0 spear
  5851 | D:5      | Noticed a +0 short sword
  5853 | D:5      | Noticed a +0 falchion
  5855 | D:5      | Found a hide-covered altar of Uskayaw.
  5898 | D:5      | Found a staircase to the Ecumenical Temple.
  6668 | D:7      | Learned a level 1 spell: Sandblast
  6972 | D:8      | Noticed a vampire
  7016 | D:8      | HP: 1/67 [orc warrior (21)]
  7017 | D:8      | Slain by an orc warrior

Illustrated notes

Levels and vault maps discovered:
D:1:      dpeg_arrival_renting, layout_rooms, amcnicky_mini_pool_small,
          kennysheep_nondescript
D:2:      layout_basic, basic_altar, serial_shops, shop, minmay_crystal_water,
          uniq_natasha
D:3:      layout_loops_ring, worldfamousw_hep_ancestral_shrine, minitemple
D:4:      layout_basic, serial_shops, shop_statue, uniq_menkaure
D:5:      layout_rooms, kennysheep_slug_shrine, mainiacjoe_overflow_catwalk,
          nicolae_uskayaw_en_pointe, minmay_temple_entry_from_below_a
D:6:      layout_rooms
D:7:      layout_basic, okawaru_metal_pillars_1_2
D:8:      layout_basic, chequers_serial_rivers_small_b, minmay_misc_feat_five,
          uniq_gastronok, uniq_grum, uniq_joseph

Skill      XL: |  1  2  3  4  5  6  7  8 |
---------------+-------------------------+-----
Invocations    | 1 2 3 |  3.7
Short Blades   | 1 2 3 |  3.4
Long Blades    | 1 2 3 |  3.4
Maces & Flails | 1 2 3 |  3.4
Polearms       | 1 2 3 |  3.4
Staves         | 1 2 3 |  3.4
Slings         | 1 2 3 |  3.4
Bows           | 1 2 3 |  3.4
Crossbows      | 1 2 3 |  3.4
Throwing       | 1 2 3 |  3.4
Armour         | 1 2 3 |  3.4
Dodging        | 1 2 3 |  3.4
Stealth        | 1 2 3 |  3.4
Shields        | 1 2 3 |  3.4
Unarmed Combat | 1 2 3 |  3.4
Spellcasting   | 3 4 |  4.5
Evocations     | 1 2 3 |  3.4
Conjurations   | 1 2 |  2.8
Hexes          | 1 2 |  2.8
Summonings     | 1 2 |  2.8
Necromancy     | 1 2 |  2.8
Translocations | 1 2 |  2.8
Transmutations | 1 2 |  2.8
Ice Magic      | 1 2 |  2.8
Air Magic      | 1 2 |  2.8
Earth Magic    | 1 2 |  2.8
Poison Magic   | 1 2 |  2.8
Fighting       | 7 |  7.4
Axes           | 7 |  7.4
Fire Magic     | 6 |  6.2

Action                   |  1- 3 |  4- 6 |  7- 9 || total
-------------------------+-------+-------+-------++-------
Melee: Hand axe          |    42 |       |       ||    42
       Bite              |     5 |    10 |     3 ||    18
       Lajatang          |    33 |    75 |    58 ||   166
Throw: Dart              |       |       |     7 ||     7
 Cast: Scorch            |       |    26 |    47 ||    73
       Mephitic Cloud    |       |       |     1 ||     1
       Sandblast         |       |       |     1 ||     1
Invok: Fiery Armour      |       |     1 |     1 ||     2
       Foxfire Swarm     |       |       |     4 ||     4
  Use: Potion            |     2 |     4 |       ||     6
       Scroll            |     1 |     4 |     6 ||    11
 Stab: Sleeping          |     1 |     1 |     1 ||     3
Armor: Robe              |    25 |     4 |       ||    29
       Skin              |     1 |       |       ||     1
       Leather armour    |       |    25 |    30 ||    55
       Ring mail         |       |       |    13 ||    13
Dodge: Dodged            |    48 |    62 |    65 ||   175

Table legend: (Time is in decaauts)
 A = Elapsed time spent in this place.
 B = Non-inter-level travel time spent in this place.
 C = Inter-level travel time spent in this place.
 D = Time resting spent in this place.
 E = Time spent auto-exploring this place.
 F = Levels seen in this place.
 G = Mean time per level.
                   A        B        C        D        E       F      G
               +--------+--------+--------+--------+--------+-----+--------+
         Total |   7070 |   6836 |    234 |   1818 |   3706 |   8 |  883.8 |
       Dungeon |   7070 |   6836 |    234 |   1818 |   3706 |   8 |  883.8 |
               +--------+--------+--------+--------+--------+-----+--------+

Top non-repeatable levels by time:
     D:2: 1649 daAuts
     D:4: 1442 daAuts
     D:5: 1275 daAuts
     D:3: 1145 daAuts
     D:6: 578 daAuts
     D:1: 539 daAuts
     D:8: 310 daAuts
     D:7: 129 daAuts
